 Dungeon Crawl Stone Soup version 0.26.1-12-g5ba1501909 (webtiles) character file.

Game seed: 2370625336720741286

63 Zeld the Sneak (level 4, 0/30 HPs)
             Began as an Octopode Brigand on Oct 28, 2021.
             Succumbed to an adder's poison
             ... on level 2 of the Dungeon.
             The game lasted 00:01:10 (1276 turns).

Zeld the Sneak (Octopode Brigand)                   Turns: 1276, Time: 00:01:11

Health: 0/30       AC:  1    Str: 10    XL:     4   Next: 9%
Magic:  4/4        EV: 13    Int: 13    God:
Gold:   99         SH:  0    Dex: 14    Spells: 3/3 levels left

rFire    . . .     SeeInvis .   a - +2 dagger
rCold    . . .     Faith    .   (no shield)
rNeg     . . .     Spirit   .   (helmet restricted)
rPois    .         Reflect  .   (no amulet)
rElec    .         Harm     .   (no ring)
rCorr    .         Rampage  .   (no ring)
Will     .....                  (no ring)
Stlth    ++++......             (no ring)
HPRegen  0.10/turn              (no ring)
MPRegen  0.09/turn              (no ring)
                                (no ring)
                                (no ring)

@: lethally poisoned (0 -> -3)
A: almost no armour, stealthy swim, amphibious, 8 rings, constrict 8, camouflage
1, gelatinous body 1
a: no special abilities


You were on level 2 of the Dungeon.
You visited 1 branch of the dungeon, and saw 2 of its levels.

You collected 99 gold pieces.

Inventory:

Hand Weapons
 a - a +2 dagger (weapon)
Missiles
 b - 8 poisoned darts (quivered)
 c - 2 curare-tipped darts
 h - 5 atropa-tipped darts
Jewellery
 e - a +6 ring of intelligence {unknown}
 k - a +6 ring of intelligence {unknown}
Scrolls
 d - a scroll of enchant armour {unknown}
 g - 2 scrolls of remove curse {unknown}
 i - a scroll of identify {unknown}
 j - a scroll of immolation {unknown}
 l - a scroll of amnesia {unknown}
 m - a scroll of enchant weapon {unknown}
Potions
 f - 2 potions of heal wounds {unknown}


   Skills:
 * Level 2.7 Fighting
 * Level 2.6 Short Blades
 * Level 2.6 Throwing
 + Level 1.5 Dodging
 + Level 5.7 Stealth


You had 3 spell levels left.
You didn't know any spells.
Your spell library was empty.

Dungeon Overview and Level Annotations

Branches:
Dungeon (2/15)

Altars:


Innate Abilities, Weirdness & Mutations

You cannot wear most types of armour.
You are very stealthy in the water. (Stealth+)
You are amphibious.
You can wear up to eight rings at the same time.
You can use your tentacles to constrict eight enemies at once.
Your skin changes colour to match your surroundings (Stealth+).
Your rubbery body absorbs attacks. (AC +1, EV +1)


Message History

You are too injured to fight recklessly!
You are too injured to fight recklessly!
You hit the adder but do no damage. You squeeze the adder!
You kill the adder!
The kobold hits you.
* * * LOW HITPOINT WARNING * * *
You have reached level 4!
* * * LOW HITPOINT WARNING * * *
You feel sick. The kobold hits you.
* * * LOW HITPOINT WARNING * * *
You see here 7 gold pieces.
Really walk into that teleport trap?
You enter a teleport trap!
The teleport trap disappears.
Your surroundings suddenly seem different.
* * * LOW HITPOINT WARNING * * *
You feel sick.
Found a robe.
There is a lethal amount of poison in your body!
There is a lethal amount of poison in your body!
You die...

#. ...##
... .#
##.# ..
.. ...#
. .[#
#.#.#
#.#.###
#
#.....#
#.####.#
#..@...#
########


There were no monsters in sight!

Vanquished Creatures
  2 adders (D:2)
  A worm (D:2)
  3 leopard geckos (D:1)
  5 bats
  A giant cockroach (D:1)
  3 goblins (D:1)
  7 hobgoblins
  2 jackals (D:1)
  4 kobolds
  A quokka (D:2)
  4 frilled lizards
  4 rats
37 creatures vanquished.

Notes
Turn   | Place    | Note
-------+----------+-------------------------------------------
     0 | D:1      | Zeld the Octopode Brigand began the quest for the Orb.
     0 | D:1      | Reached XP level 1. HP: 14/14 MP: 1/1
   131 | D:1      | Reached XP level 2. HP: 13/19 MP: 2/2
   404 | D:1      | Reached XP level 3. HP: 25/25 MP: 3/3
  1271 | D:2      | Reached XP level 4. HP: 6/30 MP: 4/4
  1273 | D:2      | HP: 1/30 [poisoned by an adder]
  1276 | D:2      | Succumbed to an adder's poison

Illustrated notes

Levels and vault maps discovered:
D:1:      minmay_arrival_radiant_lines, layout_basic, st_stairs_12,
          minmay_pentomino_o2
D:2:      layout_loops_cross

Action                   |  1- 3 |  4- 6 || total
-------------------------+-------+-------++-------
Melee: Dagger            |    65 |       ||    65
       Constrict         |    10 |       ||    10
       Tentacles         |     3 |       ||     3
 Stab: Sleeping          |    16 |       ||    16
Armor: Skin              |     1 |       ||     1
Dodge: Dodged            |    21 |       ||    21
